 Dungeon Crawl Stone Soup version 0.30-a0-371-gad7725a93e (webtiles) character file.

Game seed: 726792218050890414

1011 qeuew the Sneak (level 8, 0/36 HPs)
             Began as a Vampire Enchanter on Nov 23, 2022.
             Was a Follower of Fedhas.
             Slain by a gnoll bouda
             ... wielding a +0 whip
              (6 damage)
             ... on level 5 of the Dungeon.
             The game lasted 00:08:20 (4307 turns).

qeuew the Sneak (Vampire Enchanter)                 Turns: 4307, Time: 00:08:20

Health: 0/36       AC:  6    Str:  7    XL:     8   Next: 1%
Magic:  9/13       EV: 15    Int: 16    God:    Fedhas [*.....]
Gold:   237        SH:  0    Dex: 16    Spells: 6/14 levels left

rFire   + + .      SeeInvis +    b - +0 dagger (protect)
rCold   + + +      Faith    .    (no shield)
rNeg    + + +      Spirit   .    e - +1 ring mail {Will+}
rPois   ∞          Reflect  .    (no helmet)
rElec   .          Harm     .    r - scarf {rC+ rF+}
rCorr   .          Rampage  .    (no gloves)
Will    +....                    (no boots)
Stlth   +++++.....               l - amulet of the acrobat
HPRegen 0.00/turn                j - ring of positive energy
MPRegen 0.13/turn                p - +4 ring of evasion

@: about to teleport, bloodless, inhibited regen
A: bloodless, fangs 3, see invisible, vampiric 2, talons 1, dopey 1, fire
resistance 1, frail 1
a: Bat Form, Revivify, Renounce Religion


You were on level 5 of the Dungeon.
You worshipped Fedhas.
Fedhas was aware of your devotion.
You visited 2 branches of the dungeon, and saw 6 of its levels.

You collected 237 gold pieces.

Inventory:

Hand Weapons
 a - a +2 dagger
 b - a +0 dagger of protection (weapon)
Armour
 e - a +1 ring mail of willpower (worn)
 r - a scarf of resistance (worn)
Jewellery
 j - a ring of positive energy (left hand)
 l - an amulet of the acrobat (around neck)
 p - a +4 ring of evasion (right hand)
Scrolls
 d - a scroll of fog
 f - 2 scrolls of enchant weapon
 m - 2 scrolls of identify
 n - a scroll of magic mapping
 s - a scroll of immolation {unknown}
Potions
 c - 2 potions of invisibility
 g - a potion of attraction
 h - 4 potions of curing
 i - 3 potions of flight
 o - a potion of brilliance
 q - a potion of berserk rage {unknown}
 t - a potion of haste {unknown}


   Skills:
 + Level 3.9 Short Blades
 * Level 3.6 Armour
 + Level 4.3 Dodging
 + Level 7.1 Stealth
 + Level 3.5 Spellcasting
 + Level 7.0 Hexes


You had 6 spell levels left.
You knew the following spells:

 Your Spells              Type           Power      Damage    Failure   Level
a - Ensorcelled Hibernat  Hex/Ice        28%        N/A       21%         2
b - Confusing Touch       Hex            25%        N/A       10%         3
c - Tukima's Dance        Hex            25%        N/A       10%         3

Your spell library contained the following spells:

 Spells                   Type           Power      Damage    Failure   Level
 Dazzling Flash           Conj/Hex       28%        N/A       38%         3
 Shock                    Conj/Air       8%         1d3       50%         1
 Gell's Gravitas          Tloc           2%         N/A       86%         3
 Swiftness                Air            2%         N/A       86%         3
 Teleport Other           Tloc           2%         N/A       86%         3
 Airstrike                Air            1%         2d(1-17)  99%         4
 Dispersal                Tloc           1%         N/A       100%        6


Dungeon Overview and Level Annotations

Branches:
Dungeon (5/15)             Temple (1/1) D:4

Altars:
Cheibriados
Fedhas
Makhleb
Trog
Uskayaw
Wu Jian
Xom
Yredelemnul


Innate Abilities, Weirdness & Mutations

You do not regenerate when monsters are visible.
You are frail without blood (-20% HP).
You can heal yourself when you bite living creatures.
You are immune to poison.
You have razor-sharp teeth.
You have supernaturally acute eyesight. (SInv)
You are afflicted with vampirism and can become a bat while bloodless.
You have sharp toenails.
You are dopey. (Int -2)
Your flesh is heat resistant. (rF+)
You are frail. (-10% HP)


Message History

The gnoll bouda is lightly wounded.
The gnoll hits you from afar with a +0 halberd!
The gnoll barely misses you.
You are too injured to fight recklessly!
You are too injured to fight recklessly!
You are too injured to fight recklessly!
You are too injured to fight recklessly!
You are too injured to fight recklessly!
You are too injured to fight recklessly!
You are too injured to fight recklessly!
You are too injured to fight recklessly!
You are too injured to fight recklessly!
You are too injured to fight recklessly!
You are too injured to fight recklessly!
You are too injured to fight recklessly!
You are too injured to fight recklessly!
You are too injured to fight recklessly!
Aiming: Ensorcelled Hibernation (safe; 21% risk of failure)
Press: ? - help, Q - select action Shift-Dir - straight line, f - gnoll bouda
Aim: a gnoll bouda, wielding a +0 whip and wearing a +0 robe (lightly wounded, chance to affect: 48%)
The gnoll bouda resists with some effort.
The gnoll hits you but does no damage.
The gnoll bouda hits you but does no damage.
The gnoll hits you from afar with a +0 halberd!
* * * LOW HITPOINT WARNING * * *
Aiming: Ensorcelled Hibernation (safe; 21% risk of failure)
Press: ? - help, Q - select action Shift-Dir - straight line, f/p - gnoll bouda
Aim: a gnoll bouda, wielding a +0 whip and wearing a +0 robe (lightly wounded, chance to affect: 48%)
The gnoll bouda resists with some effort.
The gnoll closely misses you. The gnoll bouda misses you.
The gnoll closely misses you. The gnoll bouda closely misses you.
The gnoll completely misses you. The gnoll completely misses you. x2
There are monsters nearby!
There are monsters nearby!
As you read the scroll of teleportation, it crumbles to dust.
You feel strangely unstable. The gnoll closely misses you.
The gnoll bouda hits you with a +0 whip.
You die...
Fedhas appreciates your contribution to the ecosystem.

#......####......
##.......###'#...
#.......#...#...
+.......+...#...
#########.......#####...
........................
.....................##'
.........#######.....#..
......g@.#.....#.....#..
........)#.....#########
#####..gg#..........##..
#....#..............
#....#..............
#....##########.#..#
...... #####. #...... #.
#...... #.


You could see a gnoll bouda and 2 gnolls.

Vanquished Creatures
  A black bear (D:5)
  An ice beast (D:5)
  An ogre (D:4)
  2 phantoms
  A centaur (D:5)
  A scorpion (D:5)
  3 hounds
  Natasha (thrice) (D:4)
  2 iguanas (D:5)
  4 orc wizards
  A gnoll (D:5)
  5 adders
  2 worms
  3 dart slugs
  11 orcs
  3 endoplasms
  A giant cockroach (D:4)
  6 goblins
  6 hobgoblins
  2 quokkas (D:2)
  2 ball pythons
  4 bats
  A frilled lizard (D:2)
  2 kobolds
  2 rats (D:3)
70 creatures vanquished.

Notes
Turn   | Place    | Note
-------+----------+-------------------------------------------
     0 | D:1      | qeuew the Vampire Enchanter began the quest for the Orb.
     0 | D:1      | Reached XP level 1. HP: 13/13 MP: 3/3
    61 | D:1      | Found a faded altar of an unknown god.
   991 | D:2      | Reached XP level 2. HP: 19/19 MP: 5/5
   994 | D:2      | Learned a level 2 spell: Ensorcelled Hibernation
  1453 | D:2      | Found a basalt altar of Yredelemnul.
  1681 | D:2      | Gained mutation: Your muscles are strong. (Str +4, Int/Dex
                  | -1) [potion of mutation]
  1681 | D:2      | Gained mutation: Your flesh is heat resistant. (rF+)
                  | [potion of mutation]
  1681 | D:2      | Gained mutation: You have sharp toenails. [potion of
                  | mutation]
  1950 | D:3      | Reached skill level 5 in Stealth
  1950 | D:3      | Reached skill level 5 in Hexes
  1950 | D:3      | Gained mutation: You are afflicted with vampirism and can
                  | become a bat while bloodless. [Vampire growth]
  1950 | D:3      | Reached XP level 3. HP: 24/24 MP: 6/6
  2095 | D:3      | Identified the +2 short sword of Ajiyziow {speed, Int+4}
  2295 | D:4      | Found a staircase to the Ecumenical Temple.
  2341 | Temple   | Entered the Ecumenical Temple
  2399 | Temple   | Became a worshipper of Xom of Chaos
  2551 | Temple   | Fell from the grace of Xom
  2551 | Temple   | Became a worshipper of Fedhas Madash
  2621 | D:4      | Noticed a phantom
  2651 | D:4      | Killed a phantom
  2652 | D:4      | Reached skill level 1 in Armour
  2652 | D:4      | Reached XP level 4. HP: 29/30 MP: 7/7
  2653 | D:4      | Noticed Natasha
  2667 | D:4      | Killed Natasha
  2668 | D:4      | Reached XP level 5. HP: 29/35 MP: 8/8
  2697 | D:4      | Noticed an ogre
  2703 | D:4      | Killed an ogre
  2733 | D:4      | XOM: enchant monster (good)
  2739 | D:4      | Reached XP level 6. HP: 25/41 MP: 4/10
  2813 | D:4      | Learned a level 3 spell: Confusing Touch
  2817 | D:4      | Learned a level 3 spell: Tukima's Dance
  2848 | D:4      | Noticed Natasha
  2870 | D:4      | Killed Natasha
  3057 | D:4      | Noticed Natasha
  3068 | D:4      | Killed Natasha
  3160 | D:5      | Entered Level 5 of the Dungeon
  3258 | D:5      | Reached XP level 7. HP: 36/36 MP: 8/11
  3379 | D:5      | Found a snail-covered altar of Cheibriados.
  3496 | D:5      | Reached * piety under Fedhas
  3543 | D:5      | XOM: scenery: 3 doors open
  3566 | D:5      | XOM: summons 5 hostile demons
  3725 | D:5      | XOM: give mutation
  3725 | D:5      | Gained mutation: You are dopey. (Int -2) [Xom's mischief]
  3795 | D:5      | XOM: summons 2 hostile demons
  3823 | D:5      | XOM: give mutations
  3823 | D:5      | Gained mutation: Your magical capacity is low. (-10% MP)
                  | [Xom's mischief]
  3823 | D:5      | Lost mutation: Your magical capacity is low. (-10% MP)
                  | [Xom's mischief]
  3823 | D:5      | Lost mutation: Your muscles are strong. (Str +4, Int/Dex
                  | -1) [Xom's mischief]
  3823 | D:5      | Gained mutation: You are frail. (-10% HP) [Xom's mischief]
  4111 | D:5      | Reached XP level 8. HP: 33/36 MP: 13/13
  4139 | D:5      | XOM: god gift: +0 arbalest of chaos
  4307 | D:5      | Slain by a gnoll bouda

Illustrated notes

Levels and vault maps discovered:
D:1:      minmay_arrival_semitransparent, layout_basic,
          shapermc_ecumenical_altar_totnotflames
D:2:      layout_loops_ring, serial_rivers, chequers_serial_rivers_room_b,
          chequers_serial_rivers_large_a, chequers_serial_rivers_micro_c,
          chequers_serial_rivers_room_a, chequers_serial_rivers_small_a,
          basic_altar, minmay_misc_feat_ornament
D:3:      layout_rooms, nicolae_tso_swordbearing_angel, st_stairs_12
D:4:      layout_cave_pools, minmay_temple_entry_tees, uniq_natasha
D:5:      layout_gridville, lemuel_tele_altar, roderic_three_in_a_row,
          kennysheep_windowed_goal
Temple:   nicolae_temple_bog_church

Skill      XL: |  1  2  3  4  5  6  7 |
---------------+----------------------+-----
Stealth        | 5 6 7 |  7.1
Hexes          | 5 6 7 |  7.0
Short Blades   | 2 3 |  3.9
Armour         | 1 2 3 |  3.6
Dodging        | 3 4 |  4.3
Spellcasting   | 3 |  3.5

Action                   |  1- 3 |  4- 6 |  7- 9 || total
-------------------------+-------+-------+-------++-------
Melee: Dagger            |   120 |   104 |   138 ||   362
       Kick              |    25 |    23 |    32 ||    80
       Bite              |     4 |     8 |    16 ||    28
       Punch             |     1 |       |     1 ||     2
 Cast: Ensorcelled Hiber |     2 |     7 |    11 ||    20
 Abil: Exsanguinate      |       |     1 |       ||     1
  Use: Scroll            |    10 |     2 |     2 ||    14
       Potion            |     2 |       |       ||     2
 Stab: Sleeping          |    12 |     6 |     8 ||    26
       Paralysed         |       |     1 |       ||     1
Armor: Robe              |     5 |       |       ||     5
       Ring mail         |    29 |    58 |   103 ||   190
Dodge: Dodged            |    56 |    56 |   247 ||   359

Table legend: (Time is in decaauts)
 A = Elapsed time spent in this place.
 B = Non-inter-level travel time spent in this place.
 C = Inter-level travel time spent in this place.
 D = Time resting spent in this place.
 E = Time spent auto-exploring this place.
 F = Levels seen in this place.
 G = Mean time per level.
                   A        B        C        D        E       F      G
               +--------+--------+--------+--------+--------+-----+--------+
         Total |   4279 |   4099 |    180 |      0 |   3341 |   6 |  713.2 |
       Dungeon |   4041 |   3904 |    137 |      0 |   3177 |   5 |  808.2 |
        Temple |    238 |    195 |     43 |      0 |    164 |   1 |  238.0 |
               +--------+--------+--------+--------+--------+-----+--------+

Top non-repeatable levels by time:
     D:5: 1117 daAuts
     D:2: 925 daAuts
     D:1: 815 daAuts
     D:4: 665 daAuts
     D:3: 518 daAuts
  Temple: 238 daAuts
